 Dungeon Crawl Stone Soup version 0.25-a0-558-g78a2afb0af (webtiles) character file.

Game seed: 6863192947412976444, levelgen mode: deterministic

212 Emblim88 the Ruffian (level 5, -3/50 HPs)
             Began as a Troll Warper on Feb 24, 2020.
             Slain by an orc
             ... wielding a +0 dagger
              (4 damage)
             ... on level 3 of the Dungeon.
             The game lasted 00:05:41 (2609 turns).

Emblim88 the Ruffian (Troll Warper)                 Turns: 2609, Time: 00:05:43

Health: -3/50      AC:  6    Str: 20    XL:     5   Next: 58%
Magic:  6/6        EV:  7    Int:  9    God:
Gold:   250        SH:  8    Dex:  9    Spells: 5/7 levels left

rFire    + + .     SeeInvis .     - Unarmed
rCold    x x .     Gourm    +   o - +1 kite shield
rNeg     . . .     Faith    .   a - +0 robe
rPois    .         Spirit   .   (helmet restricted)
rElec    .         Reflect  .   (no cloak)
rCorr    .         Harm     .   (gloves unavailable)
MR       .....                  (boots unavailable)
Stlth    +.........             (no amulet)
HPRegen  0.56/turn              h - ring of fire
MPRegen  0.10/turn              i - ring of fire

@: no status effects
A: large, unfitting armour, claws 3, fast metabolism 3, gourmand, regeneration
1, shaggy fur 1, tough skin 3
a: no special abilities


You were on level 3 of the Dungeon.
You were completely stuffed.

You visited 1 branch of the dungeon, and saw 3 of its levels.

You collected 250 gold pieces.

Inventory:

Missiles
 d - 5 boomerangs of dispersal (quivered)
 j - 140 stones
Armour
 a - a +0 robe (worn)
 o - a +1 kite shield (worn)
Jewellery
 g - an uncursed ring of protection from fire
 h - a ring of fire (left claw)
 i - a ring of fire (right claw)
 u - an uncursed ring of protection from fire
 v - an uncursed ring of positive energy {unknown}
Wands
 n - a wand of digging (5)
Scrolls
 c - 2 scrolls of blinking
 m - a scroll of magic mapping
 p - a scroll of identify
 q - a scroll of amnesia {unknown}
 r - a scroll of immolation
 t - a scroll of remove curse
 w - a scroll of noise {unknown}
Potions
 b - a potion of magic
 e - a potion of degeneration {unknown}
 k - a potion of mutation {unknown}
 l - a potion of resistance {unknown}
 s - a potion of might {unknown}
 x - a potion of heal wounds {unknown}
 z - a potion of brilliance {unknown}
Comestibles
 f - 4 rations
 A - 2 chunks of flesh


   Skills:
 + Level 2.3 Fighting
 + Level 1.9 Throwing
 - Level 2.5 Dodging
 + Level 1.2 Shields
 + Level 3.0 Unarmed Combat
 - Level 1.8 Spellcasting
 + Level 2.5 Translocations


You had 5 spell levels left.
You knew the following spells:

 Your Spells              Type           Power        Failure   Level  Hunger
a - Blink                 Tloc           N/A          69%         2    ###....

Your spell library contained the following spells:

 Spells                   Type           Power        Failure   Level  Hunger
 Shroud of Golubria       Chrm/Tloc      #.....       86%         2    ###....
 Gell's Gravitas          Tloc           #.........   89%         3    ####...
 Lesser Beckoning         Tloc           #.........   89%         3    ####...
 Teleport Other           Tloc           #.......     89%         3    ####...
 Passage of Golubria      Tloc           N/A          100%        4    #####..


Dungeon Overview and Level Annotations

Branches:
Dungeon (3/15)

Altars:
Elyvilon
Vehumet


Innate Abilities, Weirdness & Mutations

You are too large for most types of armour.
You have claws for hands.
Your metabolism is lightning-fast.
You like to eat raw meat.
Your natural rate of healing is unusually fast.
You are covered in fur. (AC +1)
You have extremely tough skin. (AC +3)


Message History

The black bear bites you!
The black bear claws you but does no damage.
The black bear closely misses you. The orc hits you but does no damage.
You closely miss the black bear.
The black bear is almost dead.
The black bear bites you! The black bear claws you. x2
* * * LOW HITPOINT WARNING * * *
The orc barely misses you. You block the black bear's attack.
The black bear claws you.
* * * LOW HITPOINT WARNING * * *
You block the black bear's attack.
Sorry, you're not good enough to have a special ability.
You closely miss the black bear.
The black bear is almost dead.
The black bear barely misses you.
The black bear claws you but does no damage.
The black bear claws you!
* * * LOW HITPOINT WARNING * * *
The orc hits you with a +0 dagger.
You die...

# #. ...
#.?####################
.....#.....#....##....
#.o#.#...#.##..##..#
#.h@†#.#.#).##..##..
#...#..#.#.....##..##.
.....
#....#......##..÷. ####
##################


You could see a black bear (berserk) and an orc.

Vanquished Creatures
  An orc priest (D:3)
  6 adders
  A gnoll (D:1)
  An ooze (D:2)
  5 worms (D:2)
  A dart slug (D:1)
  4 leopard geckos
  4 orcs (D:3)
  9 bats
  6 giant cockroaches
  14 goblins
  7 hobgoblins
  7 jackals (D:2)
  A quokka (D:3)
  A ball python (D:3)
  5 frilled lizards
  5 kobolds
  13 rats
91 creatures vanquished.

Vanquished Creatures (others)
  A bat (D:3)
1 creature vanquished.

Grand Total: 92 creatures vanquished

Notes
Turn   | Place    | Note
-------+----------+-------------------------------------------
     0 | D:1      | Emblim88 the Troll Warper began the quest for the Orb.
     0 | D:1      | Reached XP level 1. HP: 19/19 MP: 1/1
    83 | D:1      | Reached skill level 1 in Throwing
   257 | D:1      | Reached XP level 2. HP: 26/28 MP: 3/3
   449 | D:1      | Reached XP level 3. HP: 35/35 MP: 4/4
  1043 | D:2      | Learned a level 2 spell: Blink
  1267 | D:2      | Reached XP level 4. HP: 41/42 MP: 5/5
  1999 | D:3      | Reached XP level 5. HP: 48/49 MP: 6/6
  2208 | D:3      | Reached skill level 1 in Shields
  2382 | D:3      | Found a radiant altar of Vehumet.
  2409 | D:3      | Reached skill level 3 in Unarmed Combat
  2455 | D:3      | Found a white marble altar of Elyvilon.
  2594 | D:3      | Noticed a black bear
  2609 | D:3      | HP: 1/50 [black bear (7)]
  2609 | D:3      | Slain by an orc

Levels and vault maps discovered:
D:1:      dpeg_arrival_water_fire, layout_loops_ring
D:2:      minmay_razor_zed, layout_loops_ring
D:3:      minmay_thinvault, layout_basic, fiery_altar_vehumet,
          nicolae_overflow_hidden_temple, elyvilon_altar_4

Skill      XL: |  1  2  3  4  5 |
---------------+----------------+-----
Throwing       | 1 |  1.9
Dodging        | 2 |  2.5
Fighting       | 2 |  2.3
Shields        | 1 |  1.2
Unarmed Combat | 3 |  3.0
Spellcasting   | |  1.8
Translocations | |  2.5

Action                   |  1- 3 |  4- 6 || total
-------------------------+-------+-------++-------
Melee: Unarmed           |   115 |   168 ||   283
  Use: Scroll            |       |     7 ||     7
  Eat: Chunk             |    17 |    13 ||    30
Armor: Robe              |    65 |    67 ||   132
Dodge: Dodged            |    61 |    61 ||   122
Block: Kite shield       |    26 |    62 ||    88

Table legend:
 A = Non-vault XP
 B = Vault XP
 C = Vault XP percentage of total XP
 D = Non-vault monster count
 E = Vault monster count
 F = Vault count percentage of total count
                 A         B        C        D         E       F
            +---------+---------+-------+---------+---------+-------
      Total |     246 |      57 |  18.8 |      72 |      19 |  20.9
            +---------+---------+-------+---------+---------+-------
        D:1 |      46 |       0 |   0.0 |      18 |       0 |   0.0
        D:2 |      98 |      47 |  32.4 |      33 |      12 |  26.7
        D:3 |     102 |      10 |   8.9 |      21 |       7 |  25.0
            +---------+---------+-------+---------+---------+-------
